 Dungeon Sprint DCSS version 0.27-a0-67-g4bfc8a49e1 (webtiles) character file.

Game seed: 4524892019939944842

16690 mhtbhm the Sorcerer (level 12, -21/61 HPs)
             Began as a Deep Elf Earth Elementalist on Jan 9, 2021.
             Was the Champion of Vehumet.
             Killed from afar by a fire dragon (30 damage)
             ... with a blast of flame
             ... in the Dungeon (Sprint III: "The Ten Rune Challenge") on Jan 10, 2021.
             The game lasted 00:11:28 (2748 turns).

mhtbhm the Sorcerer (Deep Elf Earth Elementalist)   Turns: 2748, Time: 00:11:28

Health: -21/61     AC:  7    Str:  5    XL:     12   Next: 12%
Magic:  17/42      EV: 17    Int: 26    God:    Vehumet [******]
Gold:   1845       SH:  0    Dex: 18    Spells: 42/60 levels left

rFire    . . .     SeeInvis .   a - +0 quarterstaff (freeze)
rCold    . . .     Faith    .   (shield currently unavailable)
rNeg     . . .     Spirit   .   c - +0 robe
rPois    .         Reflect  .   s - +2 hat
rElec    .         Harm     .   (no cloak)
rCorr    .         Rampage  .   o - +1 pair of gloves {Dex+3}
Will     +....     NoTele   +   p - +0 pair of boots
Stlth    +++.......             t - amulet of magic regeneration
HPRegen  0.20/turn              (no ring)
MPRegen  0.53/turn              (no ring)

@: no status effects
A: no striking features
a: Renounce Religion


You were in the Dungeon.
You worshipped Vehumet.
Vehumet was exalted by your worship.
You visited 1 branch You collected 2789 gold pieces.
You spent 944 gold pieces at shops.

Inventory:

Hand Weapons
 a - a +0 quarterstaff of freezing (weapon)
Missiles
 b - 16 stones
 i - 6 curare-tipped darts
Armour
 c - a +0 robe (worn)
 o - a +1 pair of gloves of dexterity (worn)
 p - a +0 pair of boots (worn)
 s - a +2 hat (worn)
Jewellery
 t - an amulet of magic regeneration (around neck)
Wands
 r - a wand of iceblast (4)
 u - a wand of flame (15)
Scrolls
 j - 4 scrolls of identify
 k - 2 scrolls of remove curse
Potions
 d - a potion of curing
 e - a potion of heal wounds
 f - a potion of haste
 g - a potion of magic
 h - 2 potions of berserk rage
 l - 2 potions of might
 m - 4 potions of flight
 n - 5 potions of mutation
Miscellaneous
 q - a lightning rod (4/4)


   Skills:
 + Level 1.5 Fighting
 + Level 6.4 Dodging
 + Level 6.1 Stealth
 + Level 24.6 Spellcasting
 + Level 3.2 Conjurations
 + Level 4.0 Transmutations
 + Level 21.1 Earth Magic
 + Level 0.4 Poison Magic
 + Level 2.4 Evocations


You had 42 spell levels left.
You knew the following spells:

 Your Spells              Type           Power        Failure   Level
a - Sandblast             Erth           100%         0%          1
b - Passwall              Tmut/Erth      64%          0%          2
c - Stone Arrow           Conj/Erth      100%         0%          3
d - Lee's Rapid Deconstr  Erth           48%          0%          5
e - Petrify               Tmut/Erth      77%          1%          4
f - Mephitic Cloud        Conj/Pois/Air  38%          1%          3

Your spell library contained the following spells:

 Spells                   Type           Power        Failure   Level
 Iron Shot                Conj/Erth      38%          1%          6
 Animate Skeleton         Necr           64%          1%          1
 Magic Dart               Conj           100%         1%          1
 Pain                     Necr           100%         1%          1
 Blink                    Tloc           N/A          1%          2
 Call Imp                 Summ           32%          1%          2
 Corpse Rot               Necr/Air       N/A          1%          2
 Slow                     Hex            32%          1%          2
 Conjure Flame            Conj/Fire      40%          1%          3
 Static Discharge         Conj/Air       40%          1%          3
 Confusing Touch          Hex            32%          3%          3
 Gell's Gravitas          Tloc           16%          3%          3
 Vampiric Draining        Necr           16%          3%          3
 Yara's Violent Unravell  Hex/Tmut       21%          3%          5
 Animate Dead             Necr           16%          11%         4
 Agony                    Necr           32%          28%         5
 Metabolic Englaciation   Hex/Ice        16%          28%         5


Dungeon Overview and Level Annotations

Branches:
Dungeon (1/1)

Altars:
Cheibriados
Dithmenos
Elyvilon
Fedhas
Gozag
Hepliaklqana
Kikubaaqudgha
Makhleb
Nemelex Xobeh
Okawaru
Qazlal
Ru
Sif Muna
Trog
Uskayaw
Vehumet
Wu Jian
Xom
Yredelemnul
Zin
The Shining One
Beogh
Jiyva
Lugonu

Shops:
D *?!(:}*[:==[


Message History

Confirm with . or Enter, or press ? or * to list all spells.
Aiming: Lee's Rapid Deconstruction (safe; 0% risk of failure)
Press: ? - help, Dir - move target A metal wall.
The metal wall shatters!
The blast of metal fragments hits the fire dragon!!
The fire dragon is almost dead.
Unknown command.
Unknown command.
Casting: Lee's Rapid Deconstruction (safe; 0% risk of failure)
Confirm with . or Enter, or press ? or * to list all spells.
Aiming: Lee's Rapid Deconstruction (safe; 0% risk of failure)
Press: ? - help, Dir - move target A metal wall.
The metal wall shatters!
The blast of metal fragments hits the fire dragon but does no damage.
The fire dragon is almost dead.
The fire dragon breathes flames at you. The blast of flame hits you!!
You die...

'.≈≈≈≈# #.≈§≈≈#
#.#≈≈≈# #.# ≈≈§#
..# ≈≈≈≈
############ .P#
≈≈§ #...#...#D.#
..# ≈≈
#...#...#..# ).#
≈ ##'###'##..#
###
###..@†..D'..#
..+
##.#.#####.####
###########..'.#
+.#
§§........'..###
#.+
.§.)..########
#.#
§)..###.∩⌠⌠∩.#
#.#
§.###.#.∩⌠⌠∩.#
#.+
###...#.∩∩∩∩.#
#.#
#§....#..∩∩∩.#


You could see a fire dragon (catching breath).

Vanquished Creatures
  Harold (D)
  A deep elf demonologist (D)
  A deep elf high priest (D)
  Erolcha (D)
  2 deep elf knights (D)
  An obsidian statue (D)
  Joseph (D)
  An orc knight (D)
  5 deep elf magi (D)
  4 crystal guardians (D)
  An ugly thing (D)
  3 wandering mushrooms (D)
  A queen bee (D)
  4 spriggan defenders (D)
  3 orc high priests (D)
  2 redbacks (D)
  A shadow (D)
  A spatial vortex (D)
  7 orc warriors (D)
  A necrophage (D)
  5 two-headed ogres (D)
  A water elemental (D)
  A scorpion (D)
  32 killer bees (D)
  A jelly (D)
  2 orc priests (D)
  A wizard (D)
  Jessica (D)
  A necromancer (D)
  A kobold demonologist (D)
  3 humans (D)
  An ooze (D)
  9 orcs (D)
  2 rats (D)
103 creatures vanquished.

Vanquished Creatures (others)
  A hydra (D)
  15 plants (D)
16 creatures vanquished.

Grand Total: 119 creatures vanquished

Notes
Turn   | Place    | Note
-------+----------+-------------------------------------------
     0 | D        | mhtbhm the Deep Elf Earth Elementalist began the quest for
                  | the Orb.
     0 | D        | Reached XP level 1. HP: 10/10 MP: 6/6
    55 | D        | Noticed Jessica
    60 | D        | Killed Jessica
    61 | D        | Reached skill level 5 in Spellcasting
    61 | D        | Reached skill level 5 in Earth Magic
    61 | D        | Reached XP level 2. HP: 15/15 MP: 5/10
    61 | D        | Reached XP level 3. HP: 19/19 MP: 6/12
    83 | D        | Learned a level 2 spell: Passwall
    87 | D        | Learned a level 3 spell: Stone Arrow
   137 | D        | Noticed a scorpion
   143 | D        | Reached skill level 6 in Spellcasting
   144 | D        | Killed a scorpion
   145 | D        | Reached skill level 7 in Spellcasting
   145 | D        | Reached XP level 4. HP: 24/24 MP: 6/15
   205 | D        | Noticed a water elemental
   206 | D        | Killed a water elemental
   207 | D        | Reached XP level 5. HP: 28/28 MP: 15/17
   213 | D        | Learned a level 5 spell: Lee's Rapid Deconstruction
   218 | D        | Learned a level 4 spell: Petrify
   286 | D        | Found a radiant altar of Vehumet.
   286 | D        | Found a shimmering blue altar of Sif Muna.
   286 | D        | Found an ancient bone altar of Kikubaaqudgha.
   289 | D        | Reached skill level 8 in Spellcasting
   360 | D        | Became a worshipper of Vehumet
   381 | D        | Found a basalt altar of Yredelemnul.
   381 | D        | Found a shadowy altar of Dithmenos.
   381 | D        | Found a sacrificial altar of Ru.
   381 | D        | Noticed a necrophage
   383 | D        | Reached skill level 5 in Dodging
   383 | D        | Reached skill level 9 in Spellcasting
   384 | D        | Killed a necrophage
   385 | D        | Reached skill level 10 in Spellcasting
   385 | D        | Reached skill level 10 in Earth Magic
   385 | D        | Reached XP level 6. HP: 26/32 MP: 3/21
   497 | D        | Reached * piety under Vehumet
   497 | D        | Offered knowledge of Shock by Vehumet.
   498 | D        | Reached skill level 5 in Stealth
   598 | D        | Noticed a shadow
   602 | D        | Killed a shadow
   603 | D        | Reached skill level 11 in Spellcasting
   665 | D        | Found a glowing silver altar of Zin.
   665 | D        | Found a glowing golden altar of the Shining One.
   665 | D        | Found a white marble altar of Elyvilon.
   665 | D        | Noticed a deep elf mage
   667 | D        | Killed a deep elf mage
   668 | D        | Reached skill level 13 in Spellcasting
   668 | D        | Reached XP level 7. HP: 36/36 MP: 13/26
   733 | D        | Found a hide-covered altar of Uskayaw.
   733 | D        | Found a roughly hewn altar of Beogh.
   733 | D        | Found an iron altar of Okawaru.
   733 | D        | Found a bloodstained altar of Trog.
   733 | D        | Found an ornate altar of the Wu Jian Council.
   733 | D        | Noticed a human
   733 | D        | Noticed a human
   736 | D        | Killed a human
   736 | D        | Offered knowledge of Foxfire by Vehumet.
   736 | D        | Reached ** piety under Vehumet
   736 | D        | Killed a human
   737 | D        | Reached skill level 14 in Spellcasting
   737 | D        | Reached XP level 8. HP: 42/42 MP: 11/28
   815 | D        | Found a blossoming altar of Fedhas.
   815 | D        | Found a stormy altar of Qazlal.
   815 | D        | Found a snail-covered altar of Cheibriados.
   815 | D        | Found a burning altar of Makhleb.
   815 | D        | Found a shimmering altar of Xom.
   816 | D        | Found a hazy altar of Hepliaklqana.
   816 | D        | Found an opulent altar of Gozag.
   816 | D        | Found a sparkling altar of Nemelex Xobeh.
   816 | D        | Found a corrupted altar of Lugonu.
   816 | D        | Found a viscous altar of Jiyva.
   874 | D        | Reached *** piety under Vehumet
   875 | D        | Reached skill level 15 in Spellcasting
   976 | D        | Noticed a two-headed ogre
   987 | D        | Killed a two-headed ogre
   987 | D        | Offered knowledge of Conjure Flame by Vehumet.
  1038 | D        | Noticed Erolcha
  1039 | D        | Noticed a two-headed ogre
  1041 | D        | Killed Erolcha
  1042 | D        | Reached skill level 17 in Spellcasting
  1042 | D        | Reached skill level 15 in Earth Magic
  1042 | D        | Reached XP level 9. HP: 46/46 MP: 15/32
  1042 | D        | Killed a two-headed ogre
  1042 | D        | Reached **** piety under Vehumet
  1145 | D        | Reached skill level 18 in Spellcasting
  1210 | D        | Noticed a wandering mushroom
  1215 | D        | Noticed a wandering mushroom
  1217 | D        | Killed a wandering mushroom
  1217 | D        | Offered knowledge of Airstrike by Vehumet.
  1219 | D        | Noticed a wandering mushroom
  1223 | D        | Killed a wandering mushroom
  1228 | D        | Killed a wandering mushroom
  1228 | D        | Reached ***** piety under Vehumet
  1229 | D        | Reached skill level 1 in Conjurations
  1320 | D        | Noticed an orc knight
  1321 | D        | Offered knowledge of Olgreb's Toxic Radiance by Vehumet.
  1325 | D        | Killed an orc knight
  1326 | D        | Reached skill level 19 in Spellcasting
  1326 | D        | Reached XP level 10. HP: 51/51 MP: 31/35
  1327 | D        | Reached skill level 1 in Evocations
  1328 | D        | Reached ****** piety under Vehumet
  1396 | D        | Found Cikid's General Store.
  1542 | D        | Bought a scroll of immolation for 45 gold pieces
  1548 | D        | Bought an uncursed amulet of magic regeneration for 390
                  | gold pieces
  1562 | D        | Noticed a deep elf mage
  1562 | D        | Noticed a deep elf knight
  1562 | D        | Noticed a deep elf mage
  1562 | D        | Noticed a deep elf knight
  1562 | D        | Noticed a deep elf mage
  1573 | D        | Killed a deep elf mage
  1573 | D        | Offered knowledge of Irradiate by Vehumet.
  1573 | D        | Killed a deep elf mage
  1574 | D        | Reached skill level 20 in Spellcasting
  1575 | D        | Killed a deep elf knight
  1582 | D        | Killed a deep elf knight
  1591 | D        | Killed a deep elf mage
  1592 | D        | Reached skill level 21 in Spellcasting
  1630 | D        | Noticed a deep elf demonologist
  1631 | D        | Noticed a deep elf mage
  1632 | D        | Killed a deep elf mage
  1632 | D        | Killed a deep elf high priest
  1633 | D        | Reached skill level 1 in Fighting
  1633 | D        | Reached XP level 11. HP: 56/56 MP: 36/38
  1633 | D        | Killed a deep elf demonologist
  1634 | D        | Reached skill level 22 in Spellcasting
  1634 | D        | Noticed a deep elf master archer
  1916 | D        | Offered knowledge of Fulminant Prism by Vehumet.
  2264 | D        | Noticed Harold
  2264 | D        | Noticed Joseph
  2270 | D        | Killed Harold
  2271 | D        | Reached skill level 23 in Spellcasting
  2271 | D        | Killed a five-headed hydra
  2276 | D        | Killed Joseph
  2339 | D        | Offered knowledge of Ozocubu's Refrigeration by Vehumet.
  2383 | D        | Noticed an obsidian statue
  2394 | D        | Found Voliezo's Gadget Emporium.
  2394 | D        | Found Uhaa's Antique Armour Shop.
  2394 | D        | Found Qeumem Asena's Antique Armour Shoppe.
  2394 | D        | Found Tinwuse's Book Boutique.
  2394 | D        | Found Meut's Assorted Antiques.
  2394 | D        | Found Juaraiv's Antique Weapon Shoppe.
  2394 | D        | Found Fepiduqa's Jewellery Shop.
  2394 | D        | Found Anno's Distillery.
  2394 | D        | Found Imimihar's Jewellery Emporium.
  2394 | D        | Found Bush's Magic Scroll Emporium.
  2394 | D        | Found Badghokk's Book Boutique.
  2440 | D        | Bought a pair of glowing gloves for 142 gold pieces
  2448 | D        | Bought a glowing hat for 147 gold pieces
  2464 | D        | Bought a book of Minor Magic for 220 gold pieces
  2468 | D        | Learned a level 3 spell: Mephitic Cloud
  2484 | D        | Noticed a crystal guardian
  2501 | D        | Killed a crystal guardian
  2503 | D        | Noticed a crystal guardian
  2504 | D        | Killed a crystal guardian
  2504 | D        | Noticed a crystal guardian
  2505 | D        | Noticed a crystal guardian
  2506 | D        | Killed a crystal guardian
  2507 | D        | Reached skill level 24 in Spellcasting
  2507 | D        | Killed a crystal guardian
  2546 | D        | Killed an obsidian statue
  2546 | D        | Offered knowledge of Iron Shot by Vehumet.
  2547 | D        | Reached XP level 12. HP: 61/61 MP: 32/42
  2727 | D        | Identified the Papyrus of Torrid Flight
  2735 | D        | Noticed a fire dragon
  2748 | D        | Killed from afar by a fire dragon

Illustrated notes

Levels and vault maps discovered:
D:        dungeon_sprint_mu [sprint_mu_entry_cave, sprint_mu_temple_rooms,
          sprint_mu_d1_spiders, sprint_mu_d2_genie, sprint_mu_d3_branching,
          sprint_mu_orc_legion, sprint_mu_elf_gauntlet, sprint_mu_hive_nellie,
          sprint_mu_lair_fedhas, sprint_mu_vaults_butterflies,
          sprint_mu_slime_circle, sprint_mu_shoals_kraken,
          sprint_mu_snake_twists, sprint_mu_blade_basic,
          sprint_mu_crypt_fortress, sprint_mu_tomb_spiral,
          sprint_mu_vestibule_basic, sprint_mu_gehenna_hellfire,
          sprint_mu_dis_giant, sprint_mu_tartarus_statrot,
          sprint_mu_cocytus_islands, sprint_mu_zot1]

Skill      XL: |  1  2  3  4  5  6  7  8  9 10 11 12 |
---------------+-------------------------------------+-----
Earth Magic    | 5 7 8 10 12 13 15 16 18 20 21 | 21.1
Dodging        | 3 4 5 6 |  6.4
Stealth        | 3 4 5 6 |  6.1
Spellcasting   | 5 7 10 13 14 17 19 21 24 | 24.6
Transmutations | 2 3 4 |  4.0
Conjurations   | 1 3 |  3.2
Evocations     | 2 |  2.4
Fighting       | 1 |  1.5
Poison Magic   | |  0.4

Action                   |  1- 3 |  4- 6 |  7- 9 | 10-12 || total
-------------------------+-------+-------+-------+-------++-------
Melee: Quarterstaff      |       |       |       |     5 ||     5
Throw: Dart              |       |       |       |     1 ||     1
 Cast: Sandblast         |    12 |     2 |       |       ||    14
       Passwall          |     1 |       |       |     2 ||     3
       Lee's Rapid Decon |       |     9 |    19 |    62 ||    90
       Stone Arrow       |       |       |     7 |     2 ||     9
       Petrify           |       |       |       |     3 ||     3
       Mephitic Cloud    |       |       |       |     2 ||     2
Evoke: Wand              |       |       |     4 |       ||     4
       Lightning rod     |       |       |       |     2 ||     2
  Use: Scroll            |       |       |       |     3 ||     3
       Potion            |       |       |       |     3 ||     3
Dodge: Dodged            |     3 |     1 |       |    27 ||    31

Table legend: (Time is in decaauts)
 A = Elapsed time spent in this place.
 B = Non-inter-level travel time spent in this place.
 C = Inter-level travel time spent in this place.
 D = Time resting spent in this place.
 E = Time spent auto-exploring this place.
 F = Levels seen in this place.
 G = Mean time per level.
                   A        B        C        D        E       F      G
               +--------+--------+--------+--------+--------+-----+--------+
         Total |   2781 |   2781 |      0 |   1733 |     95 |   1 | 2781.0 |
       Dungeon |   2781 |   2781 |      0 |   1733 |     95 |   1 | 2781.0 |
               +--------+--------+--------+--------+--------+-----+--------+

Top non-repeatable levels by time:
       D: 2781 daAuts
